TOP OF THE 1ST |
Amarillo Archdukes batting - Pitching for Richmond Flairs : RHP Jack Walker
|
Pitching: RHP Jack Walker
|
|
Batting: LHB John Frost
|
0-0: Ball 1-0: Ball 2-0: Ball 3-0: Called Strike 3-1: Called Strike 3-2: Foul Ball, location: 2F 3-2: Base on Balls
|
Batting: RHB Norm Francis
|
0-0: Ball 1-0: Foul Ball, location: 2F 1-1: Ball 2-1: Ball 3-1: Foul Ball, location: 2F 3-2: Base on Balls John Frost to second
|
Batting: LHB Michael Cook
|
0-0: SINGLE (Groundball, 4D) John Frost to third Norm Francis to second
|
Batting: LHB Ron Crawford
|
0-0: Swinging Strike 0-1: Fly out, F7 (Flyball, 7LS)
|
Batting: LHB Howard Lambert
|
0-0: Ball 1-0: Ball 2-0: SINGLE (Groundball, 34D) John Frost scores Norm Francis to third Michael Cook to second Runner from 3rd tries for Home, SAFE, no throw
|
Batting: LHB Pedro Díaz
|
0-0: Ball 1-0: Ball 2-0: Called Strike 2-1: Ball 3-1: Base on Balls Michael Cook to third Howard Lambert to second
|
Batting: RHB Esteban Lara
|
0-0: Ball 1-0: Foul Ball, location: 2F 1-1: Ball 2-1: Fly out, F5 (Line Drive, 56)
|
Batting: RHB José Ruíz
|
0-0: Called Strike 0-1: Ground out U3 (Groundball, 3L)
|
Top of the 1st over - 2 run(s), 2 hit(s), 0 error(s), 3 left on base; Amarillo 2 - Richmond 0 |
BOTTOM OF THE 1ST |
Richmond Flairs batting - Pitching for Amarillo Archdukes : RHP Raymond Gregg
|
Pitching: RHP Raymond Gregg
|
|
Batting: RHB Javier Rentería
|
0-0: Called Strike 0-1: Ball 1-1: Swinging Strike 1-2: SINGLE (Groundball, 4MD)
|
Batting: RHB Christian Hudson
|
0-0: Foul Ball, location: 2F 0-1: Ball Javier Rentería is caught stealing 2nd base 1-1: Swinging Strike 1-2: Foul Ball, location: 2F 1-2: Foul Ball, location: 2F 1-2: Strikes out looking
|
Batting: LHB Bob Smith
|
0-0: Fly out, F8 (Line Drive, 8LM)
|
Bottom of the 1st over - 0 run(s), 1 hit(s), 0 error(s), 0 left on base; Amarillo 2 - Richmond 0 |
TOP OF THE 2ND |
Amarillo Archdukes batting - Pitching for Richmond Flairs : RHP Jack Walker
|
Batting: RHB Nobuharu Hoshino
|
0-0: Ground out 5-3 (Groundball, 56)
|
Batting: LHB John Frost
|
0-0: Called Strike 0-1: Bunt for hit - play at first, batter OUT! 1-3
|
Batting: RHB Norm Francis
|
0-0: Ball 1-0: Called Strike 1-1: SINGLE (Groundball, 6MD)
|
Batting: LHB Michael Cook
|
0-0: Fly out, F7 (Flyball, 7)
|
Top of the 2nd over - 0 run(s), 1 hit(s), 0 error(s), 1 left on base; Amarillo 2 - Richmond 0 |
BOTTOM OF THE 2ND |
Richmond Flairs batting - Pitching for Amarillo Archdukes : RHP Raymond Gregg
|
Batting: RHB Rafael Carreón
|
0-0: Foul Ball, location: 2F 0-1: Ball 1-1: Foul Ball, location: 2F 1-2: DOUBLE (Line Drive, 9D)
|
Batting: LHB Roland Jones
|
0-0: Fly out, F8 (Flyball, 8RD)
|
Batting: RHB Gary Thomas
|
0-0: Called Strike 0-1: Ball 1-1: Fly out, F9 (Flyball, 89S)
|
Batting: RHB Elliott Johnston
|
0-0: Called Strike 0-1: Foul Ball, location: 2F 0-2: Fly out, F4 (Popup, 4M)
|
Bottom of the 2nd over - 0 run(s), 1 hit(s), 0 error(s), 1 left on base; Amarillo 2 - Richmond 0 |
TOP OF THE 3RD |
Amarillo Archdukes batting - Pitching for Richmond Flairs : RHP Jack Walker
|
Batting: LHB Ron Crawford
|
0-0: Called Strike 0-1: Fly out, F6 (Line Drive, 6M)
|
Batting: LHB Howard Lambert
|
0-0: Called Strike 0-1: Ball 1-1: Ball 2-1: Foul Ball, location: 2F 2-2: Foul Ball, location: 2F 2-2: Fly out, F6 (Line Drive, 4MD)
|
Batting: LHB Pedro Díaz
|
0-0: Ball 1-0: Foul Ball, location: 2F 1-1: Ball 2-1: Foul Ball, location: 2F 2-2: Foul Ball, location: 2F 2-2: Ground out 4-3 (Groundball, 34)
|
Top of the 3rd over - 0 run(s), 0 hit(s), 0 error(s), 0 left on base; Amarillo 2 - Richmond 0 |
BOTTOM OF THE 3RD |
Richmond Flairs batting - Pitching for Amarillo Archdukes : RHP Raymond Gregg
|
Batting: RHB Freddy Padilla
|
0-0: Fly out, F3 (Popup, 34)
|
Batting: LHB R.J. Courtney
|
0-0: Ball 1-0: Ball 2-0: Called Strike 2-1: Foul Ball, location: 2F 2-2: Foul Ball, location: 2F 2-2: Strikes out swinging
|
Batting: RHB Javier Rentería
|
0-0: Swinging Strike 0-1: Ball 1-1: Ball 2-1: Fly out, F9 (Line Drive, 89M)
|
Bottom of the 3rd over - 0 run(s), 0 hit(s), 0 error(s), 0 left on base; Amarillo 2 - Richmond 0 |
TOP OF THE 4TH |
Amarillo Archdukes batting - Pitching for Richmond Flairs : RHP Jack Walker
|
Batting: RHB Esteban Lara
|
0-0: Ball 1-0: Ball 2-0: Foul Ball, location: 2F 2-1: Ball 3-1: Called Strike 3-2: Fly out, F9 (Flyball, 89M)
|
Batting: RHB José Ruíz
|
0-0: Called Strike 0-1: Foul Ball, location: 2F 0-2: Ball 1-2: Ball 2-2: Strikes out looking
|
Batting: RHB Nobuharu Hoshino
|
0-0: Ball 1-0: Swinging Strike 1-1: Called Strike 1-2: Strikes out swinging
|
Top of the 4th over - 0 run(s), 0 hit(s), 0 error(s), 0 left on base; Amarillo 2 - Richmond 0 |
BOTTOM OF THE 4TH |
Richmond Flairs batting - Pitching for Amarillo Archdukes : RHP Raymond Gregg
|
Batting: RHB Christian Hudson
|
0-0: Called Strike 0-1: SINGLE (Line Drive, 4D)
|
Batting: LHB Bob Smith
|
0-0: TRIPLE (Flyball, 9D) Christian Hudson scores
|
Batting: RHB Rafael Carreón
|
0-0: Ball 1-0: DOUBLE (Groundball, 5L) Bob Smith scores
|
Batting: LHB Roland Jones
|
0-0: Ball 1-0: Fly out, F7 (Flyball, 78D)
|
Batting: RHB Gary Thomas
|
0-0: Called Strike 0-1: Swinging Strike 0-2: Ground out 4-3 (Groundball, 4) Rafael Carreón to third
|
Batting: RHB Elliott Johnston
|
0-0: Called Strike 0-1: Foul Ball, location: 2F 0-2: DOUBLE (Line Drive, 89D) Rafael Carreón scores
|
Batting: RHB Freddy Padilla
|
0-0: Ball 1-0: Called Strike 1-1: Ball 2-1: Foul Ball, location: 2F 2-2: Ball 3-2: Strikes out swinging
|
Bottom of the 4th over - 3 run(s), 4 hit(s), 0 error(s), 1 left on base; Amarillo 2 - Richmond 3 |
TOP OF THE 5TH |
Amarillo Archdukes batting - Pitching for Richmond Flairs : RHP Jack Walker
|
Batting: LHB John Frost
|
0-0: Ground out U3 (Groundball, 3)
|
Batting: RHB Norm Francis
|
0-0: Ball 1-0: Ball 2-0: Called Strike 2-1: Ground out 5-3 (Groundball, 56S)
|
Batting: LHB Michael Cook
|
0-0: Ball 1-0: Ball 2-0: Foul Ball, location: 2F 2-1: SOLO HOME RUN (Line Drive, 9D), Distance : 376 ft
|
Batting: LHB Ron Crawford
|
0-0: Called Strike 0-1: Ball 1-1: Called Strike 1-2: Foul Ball, location: 2F 1-2: Ball 2-2: SOLO HOME RUN (Flyball, 89XD), Distance : 376 ft
|
Batting: LHB Howard Lambert
|
0-0: Called Strike 0-1: Ball 1-1: Ball 2-1: Swinging Strike 2-2: Foul Ball, location: 2F 2-2: Fly out, F6 (Line Drive, 4MD)
|
Top of the 5th over - 2 run(s), 2 hit(s), 0 error(s), 0 left on base; Amarillo 4 - Richmond 3 |
BOTTOM OF THE 5TH |
Richmond Flairs batting - Pitching for Amarillo Archdukes : RHP Raymond Gregg
|
Batting: LHB R.J. Courtney
|
0-0: Called Strike 0-1: Ball 1-1: Called Strike 1-2: Strikes out looking
|
Batting: RHB Javier Rentería
|
0-0: Ball 1-0: Called Strike 1-1: Foul Ball, location: 2F 1-2: Ball 2-2: Fly out, F7 (Flyball, 7)
|
Batting: RHB Christian Hudson
|
0-0: Foul Ball, location: 2F 0-1: Foul Ball, location: 2F 0-2: Ground out 4-3 (Groundball, 4D)
|
Bottom of the 5th over - 0 run(s), 0 hit(s), 0 error(s), 0 left on base; Amarillo 4 - Richmond 3 |
TOP OF THE 6TH |
Amarillo Archdukes batting - Pitching for Richmond Flairs : RHP Jack Walker
|
Batting: LHB Pedro Díaz
|
0-0: Called Strike 0-1: Foul Ball, location: 2F 0-2: SINGLE (Flyball, 8RS)
|
Batting: RHB Esteban Lara
|
0-0: Ball 1-0: Ball 2-0: Called Strike 2-1: Ball 3-1: Swinging Strike 3-2: Base on Balls Pedro Díaz to second
|
Batting: RHB José Ruíz
|
0-0: Ball 1-0: Ball 2-0: Called Strike 2-1: Ball 3-1: Base on Balls Pedro Díaz to third Esteban Lara to second
|
Pitching: LHP Salvador Rodríguez
|
|
Batting: RHB Nobuharu Hoshino
|
0-0: Ball 1-0: Ball 2-0: SINGLE (Flyball, 9LS) Pedro Díaz scores Esteban Lara to third José Ruíz to second
|
Batting: LHB John Frost
|
0-0: Called Strike 0-1: Ball 1-1: Ball 2-1: Called Strike 2-2: Ball 3-2: Base on Balls Esteban Lara scores José Ruíz to third Nobuharu Hoshino to second
|
Batting: RHB Norm Francis
|
0-0: Called Strike 0-1: Ball 1-1: SINGLE (Groundball, 34D) José Ruíz scores Nobuharu Hoshino to third John Frost to second Runner from 3rd tries for Home, SAFE, throw made home John Frost to third Norm Francis to second
|
Batting: LHB Michael Cook
|
0-0: Foul Ball, location: 2F 0-1: Called Strike 0-2: Strikes out swinging
|
Batting: LHB Ron Crawford
|
0-0: Ball 1-0: Foul Ball, location: 2F 1-1: Ball Wild Pitch! John Frost scores Norm Francis to third 2-1: Ball 3-1: Base on Balls
|
Batting: LHB Howard Lambert
|
0-0: Ball 1-0: DOUBLE (Line Drive, 89XD) Norm Francis scores Ron Crawford to third Runner from 3rd tries for Home, SAFE, no throw
|
Pitching: RHP Sandro Gonzáles
|
|
Batting: LHB Pedro Díaz
|
0-0: Ball 1-0: Swinging Strike 1-1: Foul Ball, location: 2F 1-2: Fly out, F8 (Flyball, 8LS)
|
Batting: RHB Esteban Lara
|
0-0: Ball 1-0: Ball 2-0: Foul Ball, location: 2F 2-1: Foul Ball, location: 2F 2-2: Strikes out swinging, 2-3 out at first.
|
Top of the 6th over - 7 run(s), 4 hit(s), 0 error(s), 1 left on base; Amarillo 11 - Richmond 3 |
BOTTOM OF THE 6TH |
Richmond Flairs batting - Pitching for Amarillo Archdukes : RHP Raymond Gregg
|
Batting: LHB Bob Smith
|
0-0: Foul Ball, location: 2F 0-1: DOUBLE (Groundball, 3D)
|
Batting: RHB Rafael Carreón
|
0-0: Called Strike 0-1: Swinging Strike 0-2: Ball 1-2: Strikes out swinging
|
Batting: LHB Roland Jones
|
0-0: Called Strike 0-1: Ball 1-1: Fly out, F7 (Line Drive, 78D)
|
Batting: RHB Gary Thomas
|
0-0: Ground out 5-3 (Groundball, 56)
|
Bottom of the 6th over - 0 run(s), 1 hit(s), 0 error(s), 1 left on base; Amarillo 11 - Richmond 3 |
TOP OF THE 7TH |
Amarillo Archdukes batting - Pitching for Richmond Flairs : RHP Sandro Gonzáles
|
Batting: RHB José Ruíz
|
0-0: Ball 1-0: Ball 2-0: Called Strike 2-1: Ball 3-1: DOUBLE (Line Drive, 8LM)
|
Batting: RHB Nobuharu Hoshino
|
0-0: Ball 1-0: Ball 2-0: Ball 3-0: Base on Balls
|
Batting: LHB John Frost
|
0-0: Fly out, F6 (Popup, 56D)
|
Batting: RHB Norm Francis
|
0-0: Called Strike 0-1: Ball 1-1: Called Strike 1-2: Fly out, F7 (Flyball, 7D) Runner from 2nd tags up, SAFE at 3rd, no throw
|
Batting: LHB Michael Cook
|
0-0: Called Strike 0-1: Swinging Strike 0-2: Fielders Choice at 2nd, 4-6 (Groundball, 4)
|
Top of the 7th over - 0 run(s), 1 hit(s), 0 error(s), 1 left on base; Amarillo 11 - Richmond 3 |
BOTTOM OF THE 7TH |
Richmond Flairs batting - Pitching for Amarillo Archdukes : RHP Raymond Gregg
|
Batting: RHB Elliott Johnston
|
0-0: Called Strike 0-1: Ball 1-1: Ball 2-1: Ball 3-1: SINGLE (Line Drive, 7S)
|
Batting: RHB Freddy Padilla
|
0-0: Fly out, F8 (Line Drive, 8RS)
|
Batting: LHB R.J. Courtney
|
0-0: Ball 1-0: Called Strike 1-1: Foul Ball, location: 2F 1-2: Ball 2-2: Foul Ball, location: 2F 2-2: Fielders Choice at 2nd, 1-6 (Groundball, 13S)
|
Batting: RHB Javier Rentería
|
0-0: Called Strike 0-1: Ball 1-1: Fly out, F2 (Popup, 23)
|
Bottom of the 7th over - 0 run(s), 1 hit(s), 0 error(s), 1 left on base; Amarillo 11 - Richmond 3 |
TOP OF THE 8TH |
Amarillo Archdukes batting - Pitching for Richmond Flairs : RHP Sandro Gonzáles
|
Batting: LHB Ron Crawford
|
0-0: Fly out, F7 (Flyball, 7D)
|
Batting: LHB Howard Lambert
|
0-0: Ground out 1-3 (Groundball, 13S)
|
Batting: LHB Pedro Díaz
|
0-0: Ball 1-0: Ball 2-0: Called Strike 2-1: SINGLE (Groundball, 5D)
|
Batting: RHB Esteban Lara
|
0-0: Ball 1-0: Called Strike 1-1: Foul Ball, location: 2F 1-2: Strikes out swinging
|
Top of the 8th over - 0 run(s), 1 hit(s), 0 error(s), 1 left on base; Amarillo 11 - Richmond 3 |
BOTTOM OF THE 8TH |
Richmond Flairs batting - Pitching for Amarillo Archdukes : RHP Raymond Gregg
|
Pitching: RHP Brian Hull
|
|
Batting: RHB Christian Hudson
|
0-0: Called Strike 0-1: Foul Ball, location: 2F 0-2: Strikes out looking
|
Batting: LHB Bob Smith
|
0-0: Ball 1-0: Foul Ball, location: 2F 1-1: Swinging Strike 1-2: Ball 2-2: SINGLE (Groundball, 56D)
|
Batting: RHB Rafael Carreón
|
0-0: Ball 1-0: Ball 2-0: Called Strike 2-1: Ball 3-1: Foul Ball, location: 2F 3-2: Strikes out swinging
|
Batting: LHB Roland Jones
|
0-0: Ball 1-0: Ball 2-0: SINGLE (Flyball, 9LM) Bob Smith to second Runner from 2nd tries for 3rd, SAFE, throw made to third
|
Batting: RHB Gary Thomas
|
0-0: Foul Ball, location: 2F 0-1: Ball 1-1: Ball 2-1: Fly out, F4 (Popup, 4S)
|
Bottom of the 8th over - 0 run(s), 2 hit(s), 0 error(s), 2 left on base; Amarillo 11 - Richmond 3 |
TOP OF THE 9TH |
Amarillo Archdukes batting - Pitching for Richmond Flairs : RHP Sandro Gonzáles
|
Batting: RHB José Ruíz
|
0-0: Called Strike 0-1: Ball 1-1: Ground out 6-3 (Groundball, 6)
|
Batting: RHB Nobuharu Hoshino
|
0-0: Ball 1-0: Fly out, F9 (Flyball, 89S)
|
Batting: LHB John Frost
|
0-0: Swinging Strike 0-1: Called Strike 0-2: Foul Ball, location: 2F 0-2: Ball 1-2: Ball 2-2: Ball 3-2: Foul Ball, location: 2F 3-2: Fly out, F3 (Popup, 3D)
|
Top of the 9th over - 0 run(s), 0 hit(s), 0 error(s), 0 left on base; Amarillo 11 - Richmond 3 |
BOTTOM OF THE 9TH |
Richmond Flairs batting - Pitching for Amarillo Archdukes : RHP Brian Hull
|
Batting: RHB Elliott Johnston
|
0-0: Swinging Strike 0-1: Ball 1-1: Ball 2-1: Foul Ball, location: 2F 2-2: Foul Ball, location: 2F 2-2: Ball 3-2: Strikes out swinging
|
Batting: RHB Freddy Padilla
|
0-0: Ground out U3 (Groundball, 3)
|
Batting: LHB R.J. Courtney
|
0-0: Foul Ball, location: 2F 0-1: Foul Ball, location: 2F 0-2: Ball 1-2: Ball 2-2: Fly out, F9 (Line Drive, 9S)
|
Bottom of the 9th over - 0 run(s), 0 hit(s), 0 error(s), 0 left on base; Amarillo 11 - Richmond 3 |
|